 Dungeon Crawl Stone Soup version 0.21.1-1-g345015f (webtiles) character file.

13846 inc the Jinx (level 11, -5/53 HPs)
             Began as a Felid Conjurer on Feb 24, 2018.
             Was a High Priest of Sif Muna.
             Slain by a spiny frog (9 damage)
             ... on level 5 of the Lair of Beasts.
             The game lasted 01:06:09 (20451 turns).

inc the Jinx (Felid Conjurer)                      Turns: 20451, Time: 01:06:10

Health: -5/53      AC:  7    Str:  4    XL:     11   Next: 80%
Magic:  16/22      EV:  4    Int: 21    God:    Sif Muna [*****.]
Gold:   598        SH:  0    Dex: 21    Spells: 9/24 levels left
                                        Lives:  0   Deaths: 3

rFire    . . .     SeeInvis +   (weapon unavailable)
rCold    . . .     Gourm    .   (shield unavailable)
rNeg     + + +     Faith    .   (armour unavailable)
rPois    ∞         Spirit   .   (helmet unavailable)
rElec    .         Reflect  +   (cloak unavailable)
rCorr    .         Harm     .   (gloves unavailable)
MR       +....                  (boots unavailable)
Stlth    +++++.....             l - amulet of Weuxtivu {Reflect *Contam rPois rN+++ Dex+2 SH+3}
HPRegen  0.17/turn              B - +3 ring of dexterity
MPRegen  0.18/turn              E - +5 ring of protection

@: lethally poisoned (-5 -> -5), petrified, divine energy, quick
A: very small, no armour, no weapons or thrown items, stealth, claws 1, fangs 3,
see invisible, carnivore, speed 1, shaggy fur 2, slow metabolism 1, sharp paws
a: Stop Divine Energy, Channel Magic, Forget Spell, Renounce Religion


You were on level 5 of the Lair of Beasts.
You worshipped Sif Muna.
Sif Muna was extremely pleased with you.
You were not hungry.

You visited 3 branches of the dungeon, and saw 18 of its levels.
You also visited: Labyrinth.

You collected 598 gold pieces.

Inventory:

Jewellery
 l - the amulet of Weuxtivu (around neck) {Reflect *Contam rPois rN+++ Dex+2 SH+3}
   (You found it on level 4 of the Dungeon)

   [amulet of reflection]

   It shields you and reflects attacks.
   It affects your dexterity (+2).
   It protects you from poison.
   It renders you almost immune to negative energy.
   It causes magical contamination when unequipped.
   It affects your SH (+3).
 y - a +4 amulet of reflection {unknown}
 B - a +3 ring of dexterity (left paw)
 E - a +5 ring of protection (right paw)
 L - an uncursed ring of protection from cold {unknown}
Wands
 q - a wand of flame (13)
 s - a wand of polymorph (34)
 x - a wand of random effects (66)
 G - a wand of digging (22)
 I - a wand of paralysis (11)
 O - a wand of disintegration (14)
Scrolls
 f - 2 scrolls of noise {unknown}
 g - 8 scrolls of remove curse
 j - 10 scrolls of teleportation
 m - 2 scrolls of enchant weapon {unknown}
 o - 5 scrolls of magic mapping
 t - 2 scrolls of enchant armour
 u - a scroll of acquirement {unknown}
 v - a scroll of holy word {unknown}
 A - 2 scrolls of random uselessness
 C - a scroll of immolation
 F - a scroll of vulnerability {unknown}
 P - a scroll of torment {unknown}
 Q - a scroll of amnesia {unknown}
Potions
 c - 4 potions of haste
 d - 3 potions of heal wounds
 e - 4 potions of brilliance
 h - 2 potions of resistance
 i - a potion of magic {unknown}
 k - 2 potions of berserk rage {unknown}
 n - 3 potions of agility
 p - a potion of invisibility
 r - a potion of flight {unknown}
 w - a potion of ambrosia {unknown}
 z - a potion of curing
 D - 4 potions of might {unknown}
 M - 2 potions of mutation {unknown}
 S - a potion of lignification {unknown}
Books
 a - a book of Conjurations

   Spells                             Type                      Level
   a - Magic Dart                     Conjuration                  1
   b - Searing Ray                    Conjuration                  2
   c - Dazzling Spray                 Conjuration/Hexes            3
   d - Fulminant Prism                Conjuration/Hexes            4
   e - Force Lance                    Conjuration/Translocation    4
   f - Iskenderun's Mystic Blast      Conjuration                  4
 H - a book of Geomancy

   Spells                             Type                      Level
   a - Sandblast                      Earth                        1
   b - Passwall                       Transmutation/Earth          2
   c - Stone Arrow                    Conjuration/Earth            3
   d - Petrify                        Transmutation/Earth          4
   e - Lee's Rapid Deconstruction     Earth                        5
 J - a book of the Dragon

   Spells                             Type                      Level
   a - Flame Tongue                   Conjuration/Fire             1
   b - Cause Fear                     Hexes                        4
   c - Bolt of Fire                   Conjuration/Fire             6
   d - Dragon Form                    Transmutation                7
   e - Dragon's Call                  Summoning                    9
 N - Sif Muna's Tome of Venom and Stones
   (Sif Muna gifted it to you on level 2 of the Lair of Beasts)

   Spells                             Type                      Level
   a - Sting                          Conjuration/Poison           1
   b - Passwall                       Transmutation/Earth          2
   c - Mephitic Cloud                 Conjuration/Poison/Air       3
   d - Petrify                        Transmutation/Earth          4
   e - Venom Bolt                     Conjuration/Poison           5
   f - Iron Shot                      Conjuration/Earth            6
   g - Statue Form                    Transmutation/Earth          6
Miscellaneous
 K - a sack of spiders
Comestibles
 b - 21 rations


   Skills:
 + Level 9.6 Fighting
 - Level 8.0 Dodging
 - Level 9.1 Stealth
 - Level 7.2 Spellcasting
 - Level 9.7 Conjurations
 - Level 12.9 Hexes
 - Level 2.5 Transmutations
 - Level 7.1 Fire Magic
 - Level 2.0 Earth Magic


You had 9 spell levels left.
You knew the following spells:

 Your Spells              Type           Power        Failure   Level  Hunger
a - Magic Dart            Conj           ####         1%          1    None
b - Searing Ray           Conj           #####.       1%          2    None
c - Fulminant Prism       Conj/Hex       ######....   1%          4    ###....
d - Bolt of Fire          Conj/Fire      #####.....   36%         6    ######.
e - Passwall              Tmut/Erth      ###.......   4%          2    None


Dungeon Overview and Level Annotations

Branches:
Dungeon (11/15)            Temple (1/1) D:5            Lair (6/6) D:8
  Swamp (0/4) Lair:3        Snake (0/4) Lair:3        Slime (0/5) Lair:5
    Orc: D:9-12

Altars:
Ashenzari
Cheibriados
Dithmenos
Elyvilon
Gozag
Hepliaklqana
Makhleb
Okawaru
Qazlal
Ru
Sif Muna
Trog
Uskayaw
Vehumet
Yredelemnul
Zin
The Shining One

Shops:
D:10 %

Portals:
Trove: D:11 (give 4 scrolls of blinking)

Annotations:
D:3 Sigmund
D:4 Edmund
D:6 1 runed door


Innate Abilities, Weirdness & Mutations

You cannot wear armour.
You are incapable of wielding weapons or throwing items.
Your paws allow you to move quietly. (Stealth)
You have sharp claws.
You have razor-sharp teeth.
You have supernaturally acute eyesight. (SInv)
You are carnivorous and can eat meat at any time.
You cover ground quickly.
You are covered in thick fur. (AC +2)
You have a slow metabolism.
Your sharp claws are effective at attacking unaware monsters.


Message History

The spiny frog stings you! The basilisk gazes at you.
You are slowing down.
The spiny frog stings you.
You are poisoned.
The spiny frog poisons you! The basilisk gazes at you.
You resist with almost no effort. The spiny frog barely misses you.
Your limbs are stiffening.
You climb upwards.
You feel very sick.
You have turned to stone.
The spiny frog stings you. The spiny frog stings you!!
The spiny frog stings you! x2
* * * LOW HITPOINT WARNING * * *
The spiny frog stings you!
* * * LOW HITPOINT WARNING * * *
The spiny frog stings you!!
You die...

..................#......#.#
................#<#......###
...............##......###
...............##.##..##
...............##..####
.............###..##
#..#........#.#8..8#####
#...##.......#..F...##.#
#..#####..#.P...@......###
#...#.P....(..#8..8#...#.#
#.......#...P.##..##...P.#
.....#P#.#..#.P#.........##
##.##########.P#..........##
#### ####..####...........#
#≈.##.# #...........## #
#≈...## #............#####
#≈≈)..# ##........##.....#


You could see a spiny frog.

Vanquished Creatures
  3 hydras
  A minotaur (Lab)
  2 two-headed ogres
  Urug (Lair:2)
  A death yak (Lair:5)
  Sonja (D:10)
  An unseen horror (D:10)
  An oklob plant (Lair:1)
  7 elephants
  A black mamba (Lair:1)
  3 spiny frogs
  A torpor snail (Lair:5)
  3 komodo dragons
  A troll (D:9)
  A blink frog (Lair:6)
  4 hippogriffs
  2 redbacks (Lab)
  A wraith (D:10)
  16 yaks
  5 hungry ghosts
  A steam dragon (D:9)
  7 basilisks
  Menkaure (D:5)
  A naga (Lair:3)
  2 water moccasins
  8 porcupines
  2 orc warriors
  A swamp drake (Lair:3)
  An ice beast (D:8)
  A phantom (D:5)
  6 ogres
  3 black bears
  2 sky beasts
  A necrophage (D:6)
  2 centaurs
  5 crocodiles
  8 wolves (Lair:3)
  11 bullfrogs
  3 scorpions
  16 killer bees
  3 wights (D:6)
  6 howler monkeys
  3 orc priests
  2 crimson imps (D:10)
  A bullfrog zombie (D:7)
  3 hounds
  6 jellies
  A bullfrog skeleton (D:6)
  6 orc wizards
  6 hell rats (Lair:2)
  Natasha (thrice) (D:3)
  5 iguanas
  5 worker ants
  2 killer bee zombies
  3 hound skeletons
  3 worker ant zombies
  6 gnolls
  A howler monkey skeleton (D:8)
  9 adders
  4 river rats (Lair:2)
  A shadow imp (D:9)
  2 oozes
  An adder zombie (D:7)
  2 worms
  A dart slug (D:4)
  2 leopard geckos
  19 orcs
  4 giant cockroaches
  4 goblins (D:1)
  4 hobgoblins
  5 jackals
  3 quokkas
  2 bats
  4 frilled lizards
  5 kobolds
  A quokka skeleton (D:4)
  9 rats
  A fulminant prism (Lair:5)
  4 fungi
  A plant (Lair:1)
291 creatures vanquished.

Vanquished Creatures (others)
  A bush (D:9)
  195 fulminant prisms
  4 fungi
  4 plants
204 creatures vanquished.

Grand Total: 495 creatures vanquished

Notes
Turn   | Place    | Note
-------+----------+-------------------------------------------
     0 | D:1      | inc the Felid Conjurer began the quest for the Orb.
     0 | D:1      | Reached XP level 1. HP: 7/7 MP: 4/4
   361 | D:1      | Reached XP level 2. HP: 11/11 MP: 3/6
  1165 | D:2      | Learned a level 2 spell: Searing Ray
  1453 | D:2      | Reached XP level 3. HP: 14/14 MP: 3/7
  1608 | D:3      | Noticed Sigmund
  1653 | D:3      | Noticed Natasha
  1669 | D:3      | Killed Natasha
  1669 | D:3      | Reached skill level 5 in Conjurations
  1669 | D:3      | Reached XP level 4. HP: 7/18 MP: 0/8
  1738 | D:3      | Noticed Natasha
  1744 | D:3      | Killed Natasha
  1856 | D:3      | Noticed Natasha
  1861 | D:3      | Killed Natasha
  2123 | D:4      | Reached XP level 5. HP: 21/21 MP: 6/11
  2207 | D:4      | Noticed Edmund
  2283 | D:5      | Entered Level 5 of the Dungeon
  2719 | D:5      | Learned a level 4 spell: Fulminant Prism
  2726 | D:5      | Noticed an ogre
  2748 | D:5      | Killed an ogre
  2748 | D:5      | Reached skill level 3 in Hexes
  2748 | D:5      | Gained mutation: You are covered in thick fur. (AC +2) [Felid growth]
  2748 | D:5      | Reached XP level 6. HP: 24/24 MP: 2/13
  2881 | D:5      | Noticed Menkaure
  3023 | D:5      | Reached skill level 4 in Hexes
  3221 | D:5      | Found a staircase to the Ecumenical Temple.
  3229 | Temple   | Entered the Ecumenical Temple
  3409 | Temple   | Became a worshipper of Sif Muna the Loreminder
  3466 | D:4      | Got an ancient brass amulet
  3467 | D:4      | Identified the amulet of Weuxtivu {Reflect *Contam rPois rN+++ Dex+2 SH+3} (You found it on level 4 of the Dungeon)
  3709 | D:3      | Found a glowing golden altar of the Shining One.
  3709 | D:3      | Found a glowing silver altar of Zin.
  3710 | D:3      | Found a white marble altar of Elyvilon.
  3889 | D:3      | Reached skill level 5 in Hexes
  4208 | D:5      | Reached skill level 6 in Hexes
  4445 | D:6      | Reached XP level 7. HP: 21/27 MP: 2/14
  4691 | D:5      | Reached skill level 7 in Hexes
  4927 | D:5      | Killed Menkaure
  4927 | D:5      | Reached * piety under Sif Muna
  5016 | D:6      | Noticed a hungry ghost
  5027 | D:6      | Killed a hungry ghost
  5027 | D:6      | Reached skill level 8 in Hexes
  5147 | D:6      | Reached XP level 8. HP: 31/31 MP: 6/15
  5315 | D:6      | Reached skill level 9 in Hexes
  5678 | D:6      | Found a hazy altar of Hepliaklqana.
  5682 | D:6      | Reached ** piety under Sif Muna
  5970 | D:6      | Reached skill level 5 in Spellcasting
  5975 | D:6      | Found a burning altar of Makhleb.
  6114 | D:6      | Found a glowing silver altar of Zin.
  6121 | D:6      | Found a runed door.
  6121 | D:6      | Noticed an angel
  6635 | D:7      | Reached XP level 9. HP: 34/34 MP: 12/19
  7451 | D:8      | Found a staircase to the Lair.
  7451 | D:8      | Noticed an elephant
  7460 | D:8      | Slain by a hippogriff
  7461 | D:8      | Reached XP level 8. HP: 0/31 MP: 16/18
  7461 | D:8      | Noticed a two-headed ogre
  7484 | D:9      | HP: 1/31 [steam dragon (3)]
  7493 | D:9      | Reached skill level 10 in Hexes
  7548 | D:9      | Noticed a two-headed ogre
  7825 | D:9      | Reached skill level 1 in Fighting
  8010 | D:9      | Noticed a troll
  8019 | D:9      | Killed a troll
  8377 | D:9      | Found a stormy altar of Qazlal.
  8415 | D:9      | Found a glowing golden altar of the Shining One.
  8502 | D:9      | Reached skill level 5 in Fighting
  8502 | D:9      | Reached XP level 9. HP: 21/40 MP: 7/19
  8813 | D:9      | Found a bloodstained altar of Trog.
  8848 | D:9      | Killed a two-headed ogre
  9341 | D:9      | Found a radiant altar of Vehumet.
  9645 | D:10     | Entered Level 10 of the Dungeon
  9658 | D:10     | Noticed an unseen horror
 10529 | D:10     | Reached *** piety under Sif Muna
 11059 | D:10     | Noticed a two-headed ogre
 11080 | D:10     | Killed a two-headed ogre
 11080 | D:10     | Reached skill level 11 in Hexes
 11080 | D:10     | Reached XP level 10. HP: 44/44 MP: 0/20
 11302 | D:10     | Noticed Sonja
 11325 | D:10     | Killed Sonja
 11325 | D:10     | Reached skill level 12 in Hexes
 11845 | D:10     | Found Gostreu's Food Emporium.
 11918 | D:10     | Killed an unseen horror
 11918 | D:10     | Reached **** piety under Sif Muna
 12305 | D:11     | Found a portal to a secret trove of treasure.
 12424 | D:11     | Noticed an unseen horror
 12565 | D:8      | HP: 1/44 [killer bee (9)]
 12568 | D:8      | Slain by a killer bee
 12569 | D:8      | Reached XP level 9. HP: -2/40 MP: 1/19
 12943 | D:8      | Noticed a queen bee
 12955 | D:8      | Reached XP level 10. HP: 12/44 MP: 10/20
 13347 | Lair:1   | Entered Level 1 of the Lair of Beasts
 13351 | Lair:1   | Found a labyrinth entrance.
 13687 | Lab      | Entered a labyrinth
 13723 | Lab      | Reached skill level 5 in Dodging
 14045 | Lab      | Noticed a minotaur
 14077 | Lab      | Killed a minotaur
 14424 | Lair:1   | Learned a level 6 spell: Bolt of Fire
 14669 | Lair:1   | Reached skill level 1 in Fire Magic
 14859 | Lair:1   | Noticed an oklob plant
 14872 | Lair:1   | Killed an oklob plant
 15202 | Lair:2   | Reached XP level 11. HP: 48/48 MP: 7/21
 15479 | Lair:1   | HP: 2/48 [black mamba (11)]
 15480 | Lair:1   | Reached skill level 5 in Fire Magic
 15778 | Lair:2   | Reached ***** piety under Sif Muna
 15854 | Lair:2   | Noticed a seven-headed hydra
 15908 | Lair:2   | Killed a seven-headed hydra
 16498 | Lair:2   | Noticed Urug
 16584 | Lair:2   | Killed Urug
 16584 | Lair:2   | Identified Sif Muna's Tome of Venom and Stones (Sif Muna gifted it to you on level 2 of the Lair of Beasts)
 16584 | Lair:2   | Received a gift from Sif Muna
 16595 | Lair:2   | Learned a level 2 spell: Passwall
 16932 | Lair:3   | Found a staircase to the Snake Pit.
 16955 | Lair:3   | Reached skill level 1 in Transmutations
 16978 | Lair:3   | Reached skill level 1 in Earth Magic
 17000 | Lair:3   | Slain by a porcupine
 17001 | Lair:3   | Reached XP level 10. HP: -2/44 MP: 1/20
 17546 | Lair:3   | Killed an elephant
 17714 | Lair:3   | Killed an elephant
 17714 | Lair:3   | Reached XP level 11. HP: 48/48 MP: 7/22
 18000 | Lair:3   | Found a staircase to the Swamp.
 18317 | Lair:4   | Noticed a six-headed hydra
 18520 | Lair:4   | Noticed a death yak
 18520 | Lair:4   | Noticed a death yak
 18521 | Lair:4   | Noticed a death yak
 18523 | Lair:4   | Noticed a death yak
 18541 | Lair:4   | Killed a six-headed hydra
 18543 | Lair:4   | Noticed a death yak
 18758 | Lair:5   | Found a staircase to the Slime Pits.
 19527 | Lair:5   | Noticed a death yak
 19730 | Lair:5   | Noticed an eight-headed hydra
 19755 | Lair:5   | Killed an eight-headed hydra
 19890 | Lair:5   | Killed a death yak
 20255 | Lair:6   | Entered Level 6 of the Lair of Beasts
 20451 | Lair:5   | Slain by a spiny frog

Skill      XL: |  1  2  3  4  5  6  7  8  9 10 11 |
---------------+----------------------------------+-----
Conjurations   | 4 5 6 8 9 |  9.7
Spellcasting   | 3 4 6 7 |  7.2
Hexes          | 3 6 8 10 11 12 | 12.9
Fighting       | 5 9 |  9.6
Stealth        | 9 |  9.1
Dodging        | 3 8 |  8.0
Fire Magic     | 4 7 |  7.1
Transmutations | 2 |  2.5
Earth Magic    | 2 1 |  2.0

Action                   |  1- 3 |  4- 6 |  7- 9 | 10-12 || total
-------------------------+-------+-------+-------+-------++-------
Melee: Unarmed           |     3 |     5 |     7 |    15 ||    30
       Bite              |       |       |       |     1 ||     1
 Cast: Magic Dart        |    46 |    48 |   182 |   154 ||   430
       Searing Ray       |     7 |    18 |    46 |    38 ||   109
       Fulminant Prism   |       |     3 |    48 |   146 ||   197
       Passwall          |       |       |       |     8 ||     8
Invok: Divine Energy     |       |       |     1 |       ||     1
  Use: Scroll            |       |     1 |       |    12 ||    13
       Potion            |       |       |     1 |     2 ||     3
 Stab: Sleeping          |       |       |     1 |       ||     1
  Eat: Chunk             |     5 |     8 |    25 |    32 ||    70
       Ration            |       |       |       |     4 ||     4
Armor: Skin              |       |       |    11 |     8 ||    19
Dodge: Dodged            |    19 |    13 |   129 |   165 ||   326
Block: Other             |       |     2 |    25 |    23 ||    50
       Reflection        |       |       |     1 |       ||     1
